 Dungeon Crawl Stone Soup version 0.20.1-1-g8b1a95d (webtiles) character file.

58 Nodeslayer the Skirmisher (level 4, -19/35 HPs)
             Began as a Human Berserker on July 22, 2017.
             Was a Believer of Trog.
             Engulfed by a cloud of flame (21 damage)
             ... on level 3 of the Dungeon.
             The game lasted 00:18:41 (1821 turns).

Nodeslayer the Skirmisher (Human Berserker)         Turns: 1821, Time: 00:18:42

Health: -19/35     AC: 11    Str: 19    XL:     4   Next: 20%
Magic:  4/4        EV:  8    Int:  7    God:    Trog [**....]
Gold:   187        SH:  0    Dex: 12    Spells: 3/3 levels left

rFire    . . .     SeeInvis .   a - +1 whip (elec)
rCold    . . .     Gourm    .   (no shield)
rNeg     . . .     Faith    .   o - +0 chain mail
rPois    .         Spirit   .   k - +0 helmet
rElec    .         Reflect  .   (no cloak)
rCorr    .         Harm     .   e - +0 pair of gloves
MR       .....                  (no boots)
Stlth    ..........             (no amulet)
Regen    0.2/turn               (no ring)
MPRegen  0.1/turn               (no ring)

@: no status effects
A: no striking features
a: Berserk, Trog's Hand, Burn Spellbooks, Renounce Religion


You were on level 3 of the Dungeon.
You worshipped Trog.
Trog was pleased with you.
You were not hungry.

You visited 1 branch of the dungeon, and saw 3 of its levels.

You collected 187 gold pieces.

Inventory:

Hand Weapons
 a - a +1 whip of electrocution (weapon)
 i - a +0 whip
 r - a +0 hand axe
Missiles
 p - 18 arrows
Armour
 e - a +0 pair of gloves (worn)
 k - a +0 helmet (worn)
 o - a +0 chain mail (worn)
Scrolls
 g - a scroll of magic mapping {unknown}
 l - 2 scrolls of remove curse
 m - a scroll of blinking {unknown}
 q - a scroll of fog {unknown}
 v - a scroll of amnesia {unknown}
Potions
 b - a potion of mutation
 d - a potion of agility {unknown}
 h - 3 potions of might
 j - 2 potions of heal wounds
 n - a potion of lignification {unknown}
 u - a potion of haste {unknown}
 w - a potion of curing {unknown}
Comestibles
 c - a bread ration
 s - a meat ration
 t - a royal jelly


   Skills:
 + Level 3.5 Fighting
   Level 0.6 Short Blades
 + Level 0.4(2.1) Axes
 + Level 0.4(0.5) Maces & Flails
   Level 3.2 Polearms
 + Level 2.4 Armour
 + Level 2.6 Dodging
 + Level 0.2 Stealth


You had 3 spell levels left.
You didn't know any spells.

Dungeon Overview and Level Annotations

Branches:
Dungeon (3/15)

Altars:


Message History

There are no items here.
You open the door.
An adder comes into view.
The adder hisses angrily.
There is an open door here.
A hobgoblin comes into view. It is wielding a club.
The hobgoblin shouts!
As you read the scroll of immolation, it crumbles to dust.
The creatures around you are filled with an inner flame!
The adder bites you.
You closely miss the adder. The adder bites you but does no damage.
You hit the adder. Lightning courses through the adder!
The adder explodes!
The fiery explosion engulfs you!
Ouch! That really hurt!
* * * LOW HITPOINT WARNING * * *
Trog accepts your kill.
You are engulfed in blazing flames.
Ouch! That really hurt!
You die...

...%. ..... ..... #....
.....###.#. ..........#
#.........# ...g.§.§..#
.....§§§..# .....§§@..#
......##'###
.######.....#
............## #
.............# # #..
#............#
#.........#####......##
#...............####.....
....#...........# ......


You could see a hobgoblin (inner flame).

Vanquished Creatures
  An adder (D:3)
  3 dart slugs
  2 leopard geckos (D:2)
  6 bats
  5 giant cockroaches
  6 goblins
  4 hobgoblins (D:1)
  5 kobolds
  2 ball pythons
  3 frilled lizards
  2 rats (D:2)
39 creatures vanquished.

Notes
Turn   | Place    | Note
-------+----------+-------------------------------------------
     0 | D:1      | Nodeslayer the Human Berserker began the quest for the Orb.
     0 | D:1      | Reached XP level 1. HP: 18/18 MP: 1/1
   140 | D:1      | Reached XP level 2. HP: 15/24 MP: 2/2
   466 | D:1      | Reached XP level 3. HP: 16/29 MP: 3/3
  1185 | D:2      | Reached ** piety under Trog
  1764 | D:3      | Reached XP level 4. HP: 35/35 MP: 4/4
  1821 | D:3      | Engulfed by a cloud of flame

Action                   |  1- 3 |  4- 6 || total
-------------------------+-------+-------++-------
Melee: Spear             |    32 |       ||    32
       Short sword       |    66 |       ||    66
       Hand axe          |    18 |       ||    18
       Whip              |    13 |     5 ||    18
  Use: Scroll            |     7 |     1 ||     8
  Eat: Meat ration       |     1 |       ||     1
       Fruit             |     1 |       ||     1
Armor: Animal skin       |    14 |       ||    14
       Chain mail        |    44 |     4 ||    48
Dodge: Dodged            |    58 |     3 ||    61
